 Dungeon Crawl Stone Soup version 0.24.1-11-gbbbb2193e6 (webtiles) character file.

Game seed: 326655115422762432, levelgen mode: deterministic

1087 Gruesph the Insei (level 8, -2/61 HPs)
             Began as a Pale Draconian Transmuter on May 12, 2020.
             Was a Follower of Nemelex Xobeh.
             Slain by a troll (12 damage)
             ... on level 4 of the Dungeon.
             The game lasted 00:21:51 (6630 turns).

Gruesph the Insei (Pale Draconian Transmuter)       Turns: 6630, Time: 00:21:51

Health: -2/61      AC:  7    Str: 15    XL:     8   Next: 9%
Magic:  5/9        EV: 12    Int: 20    God:    Nemelex Xobeh [*.....]
Gold:   120        SH:  0    Dex: 13    Spells: 5/11 levels left

rFire    . . .     SeeInvis .     - Unarmed
rCold    + . .     Gourm    .   (no shield)
rNeg     . . .     Faith    .   (armour unavailable)
rPois    .         Spirit   .   (helmet restricted)
rElec    .         Reflect  .   o - +0 cloak
rCorr    .         Harm     .   (no gloves)
MR       .....                  (no boots)
Stlth    +.........             (no amulet)
HPRegen  0.20/turn              l - +6 ring of intelligence
MPRegen  0.11/turn              (no ring)

@: appendage (expiring)
A: breathe steam, unfitting armour, hooves 1, horns 2, cold resistance 1, low mp
1, strong 1, cold-blooded, AC +6
a: Breathe Steam, End Transformation, Draw Escape, Draw Destruction, Draw
Summoning, Renounce Religion


You were on level 4 of the Dungeon.
You worshipped Nemelex Xobeh.
Nemelex Xobeh was aware of your devotion.
You were not hungry.
You had grown temporary horns.
You visited 1 branch of the dungeon, and saw 5 of its levels.

You collected 120 gold pieces.

Inventory:

Missiles
 a - 23 arrows
 b - 114 stones (quivered)
Armour
 o - a +0 cloak (worn)
Jewellery
 l - a +6 ring of intelligence (left hand)
Scrolls
 d - a scroll of amnesia
 r - 3 scrolls of remove curse
Potions
 c - 3 potions of curing
 j - a potion of haste
 k - a potion of berserk rage
 n - a potion of might
 q - a potion of degeneration {unknown}
Comestibles
 f - 7 rations
 h - 5 chunks of flesh


   Skills:
 - Level 2.0 Fighting
 - Level 2.0 Dodging
 + Level 7.5 Unarmed Combat
 - Level 2.0 Spellcasting
 + Level 4.9 Transmutations
 - Level 4.0 Poison Magic


You had 5 spell levels left.
You knew the following spells:

 Your Spells              Type           Power        Failure   Level  Hunger
a - Beastly Appendage     Tmut           ###...       2%          1    #......
b - Sticks to Snakes      Tmut           ###.....     3%          2    ##.....
c - Spider Form           Tmut/Pois      ###.......   8%          3    ###....

Your spell library contained the following spells:

 Spells                   Type           Power        Failure   Level  Hunger
 Ice Form                 Ice/Tmut       ##......     50%         4    #####..
 Blade Hands              Tmut           ###.......   52%         5    ######.


Dungeon Overview and Level Annotations

Branches:
Dungeon (5/15)
 Temple: D:4-7

Altars:
Nemelex Xobeh
Ru
Trog
The Shining One


Innate Abilities, Weirdness & Mutations

You can breathe blasts of scalding, opaque steam.
Your pale cyan-grey scales are hard. (AC +6)
You cannot fit into any form of body armour.
You are cold-blooded and may be slowed by cold attacks.
You have large cloven feet.
You have a pair of horns on your head.
Your flesh is cold resistant. (rC+)
Your magical capacity is low. (-10% MP)
Your muscles are strong. (Str +2)


Message History

Your ball python barely misses the troll.
The troll bites you. The troll claws you.
* * * LOW HITPOINT WARNING * * *
The troll claws you but does no damage.
You hit the troll but do no damage. Your headbutt misses the troll.
The troll is moderately wounded.
Your ball python closely misses the troll.
Your ball python bites the troll but does no damage.
The troll bites you.
* * * LOW HITPOINT WARNING * * *
The troll closely misses you. The troll completely misses you.
You punch the troll! You headbutt the troll.
The troll is heavily wounded.
Your ball python bites the troll.
Your ball python closely misses the troll.
You hit the troll.
The troll is severely wounded.
Your ball python bites the troll.
The troll bites you!
You die...
Your body disappears without a glow.

#........# ##.##.#
#........# #####..##.#
#........# #.....###.#
#........# #....####.#####
##........# #...........<.#
...####<.## #....[........#
.....###.# #...........>.#
####..##.#
#####SS...........# ##....#
##...@T..#.........#
###..###.>####.##.........#
#######........#
#.############
..........####.###.#
.########.# #.....#
..........# #######
.########.# .# #[#
.########># ##### ######


You could see a troll and 2 friendly ball pythons.

Vanquished Creatures
  Pikel (D:4)
  2 ice beasts (D:4)
  3 slaves (D:4)
  A centaur (D:3)
  A hound (D:4)
  3 orc wizards
  Crazy Yiuf (D:4)
  2 orc priests
  An iguana (D:4)
  A hound skeleton (D:4)
  2 adders (D:3)
  3 gnolls
  A howler monkey skeleton (D:4)
  An ooze (D:4)
  An adder skeleton (D:4)
  2 worms
  2 dart slugs
  3 leopard geckos
  12 orcs
  8 giant cockroaches
  6 goblins
  9 hobgoblins
  6 jackals
  7 kobolds
  A quokka (D:3)
  3 ball pythons
  7 bats
  5 frilled lizards
  8 rats
103 creatures vanquished.

Vanquished Creatures (collateral kills)
  A worker ant (D:4)
  A gnoll (D:2)
  A hobgoblin (D:1)
3 creatures vanquished.

Vanquished Creatures (others)
  A scorpion (D:4)
  A centaur skeleton (D:4)
  An orc (D:4)
3 creatures vanquished.

Grand Total: 109 creatures vanquished

Notes
Turn   | Place    | Note
-------+----------+-------------------------------------------
     0 | D:1      | Gruesph the Draconian Transmuter began the quest for the
                  | Orb.
     0 | D:1      | Reached XP level 1. HP: 16/16 MP: 3/3
   343 | D:1      | Reached XP level 2. HP: 20/23 MP: 5/5
   351 | D:1      | Learned a level 2 spell: Sticks to Snakes
  1329 | D:2      | Reached XP level 3. HP: 27/28 MP: 4/6
  1849 | D:2      | Reached skill level 4 in Unarmed Combat
  1977 | D:2      | Found a sparkling altar of Nemelex Xobeh.
  2236 | D:2      | Reached XP level 4. HP: 35/35 MP: 7/7
  2843 | D:2      | Found a sparkling altar of Nemelex Xobeh.
  3284 | D:2      | Became a worshipper of Nemelex Xobeh the Trickster
  3289 | D:2      | Learned a level 3 spell: Spider Form
  3332 | D:3      | Received a gift from Nemelex Xobeh
  3489 | D:3      | Reached XP level 5. HP: 17/40 MP: 3/8
  3495 | D:3      | Gained mutation: Your flesh is cold resistant. (rC+)
                  | [potion of mutation]
  3495 | D:3      | Gained mutation: You have large cloven feet. [potion of
                  | mutation]
  3495 | D:3      | Gained mutation: Your magical capacity is low. (-10% MP)
                  | [potion of mutation]
  3495 | D:3      | Gained mutation: Your muscles are strong. (Str +2) [potion
                  | of mutation]
  3832 | D:3      | Noticed a centaur
  3847 | D:3      | HP: 2/40 [centaur (8)]
  3849 | D:3      | Killed a centaur
  3849 | D:3      | Reached skill level 5 in Unarmed Combat
  4185 | D:3      | Found a glowing golden altar of the Shining One.
  4328 | D:3      | Found a bloodstained altar of Trog.
  4864 | D:4      | Reached skill level 1 in Poison Magic
  4864 | D:4      | Reached XP level 6. HP: 46/47 MP: 6/8
  4934 | D:4      | Noticed a slave
  4935 | D:4      | Noticed a slave
  4936 | D:4      | Noticed Pikel
  4961 | D:4      | Killed a slave
  4973 | D:4      | Killed a slave
  5038 | D:4      | Noticed a slave
  5041 | D:4      | Noticed a slave
  5042 | D:4      | HP: 1/47 [Pikel/+2 whip of flaming (2)]
  5048 | D:4      | Killed a slave
  5048 | D:4      | Killed Pikel
  5048 | D:4      | Reached skill level 6 in Unarmed Combat
  5048 | D:4      | Your scales start taking on a pale cyan-grey colour.
  5048 | D:4      | Reached XP level 7. HP: 1/52 MP: 4/9
  5535 | D:4      | Reached skill level 7 in Unarmed Combat
  5871 | D:4      | Found a runed translucent door.
  5872 | D:4      | Noticed Crazy Yiuf
  5901 | D:4      | Killed Crazy Yiuf
  6023 | D:4      | Reached * piety under Nemelex Xobeh
  6219 | D:4      | Found a sacrificial altar of Ru.
  6230 | D:4      | Reached XP level 8. HP: 37/61 MP: 8/9
  6386 | D:4      | Received a gift from Nemelex Xobeh
  6466 | D:5      | Entered Level 5 of the Dungeon
  6536 | D:5      | Noticed a troll
  6630 | D:4      | Slain by a troll

Levels and vault maps discovered:
D:1:      dpeg_arrival_radiant, layout_basic
D:2:      layout_loops_cross, nemelex_xobeh_ov_fountains_minmay, first_ration
D:3:      layout_basic, tso_metal_star, lemuel_round_altar
D:4:      layout_rooms, nicolae_ru_awakened_eye, uniq_pikel,
          uniq_crazy_yiuf_cottage
D:5:      layout_loops_ring, nicolae_overflow_crystal_walls,
          kennysheep_little_box, elyvilon_altar_4, serial_shops,
          nicolae_shop_trees, uniq_edmund

Skill      XL: |  1  2  3  4  5  6  7 |
---------------+----------------------+-----
Transmutations | 3 4 |  4.9
Unarmed Combat | 4 5 6 7 |  7.5
Poison Magic   | 1 3 4 |  4.0
Dodging        | 2 |  2.0
Fighting       | 2 |  2.0
Spellcasting   | |  2.0

Action                   |  1- 3 |  4- 6 |  7- 9 || total
-------------------------+-------+-------+-------++-------
Melee: Unarmed           |   129 |   116 |    87 ||   332
       Kick              |    16 |    26 |    23 ||    65
       Tailslap          |    12 |    16 |    11 ||    39
       Headbutt          |     1 |     8 |    13 ||    22
       Punch             |     1 |     2 |     1 ||     4
Throw: Stone             |    12 |    19 |       ||    31
 Cast: Beastly Appendage |    16 |    17 |     9 ||    42
       Sticks to Snakes  |     3 |     9 |     8 ||    20
 Abil: Draw Destruction  |       |     2 |     1 ||     3
  Use: Potion            |       |     3 |       ||     3
       Scroll            |       |       |     8 ||     8
 Stab: Sleeping          |     3 |       |       ||     3
  Eat: Chunk             |     1 |     7 |     2 ||    10
       Ration            |     1 |     1 |     1 ||     3
Armor: Skin              |    38 |    36 |    36 ||   110
Dodge: Dodged            |    68 |   107 |    54 ||   229
